Map: World of Sleepers LE

Players

zuka - Winner!

  • Race: Protoss Protoss
  • League: Master
  • Spawn Location: 1:00

HelloThere

  • Race: Terran Terran
  • League: Master
  • Spawn Location: 7:00

VOD

Have the link to the VOD?

Description

Time

  • Played on: Sept. 22, 2019, 4:10 p.m.
  • Length: 14:05
Show
View Real Time Build Order
Export as new Build Order

zuka Protoss - Winner!

Build Orders: 1 Gate Expand, Colossus Rush 

Get SALT Encoding   

  12  0:00  Probe  
  13  0:13  Probe  
  14  0:17  Pylon  
  14  0:25  Probe (Chrono Boost)  
  15  0:33  Assimilator  
  15  0:36  Probe (Chrono Boost)  
  16  0:42  Gateway  
  16  0:46  Probe  
  17  0:58  Probe (Chrono Boost)  
  18  1:10  Probe (Chrono Boost)  
  19  1:15  Probe (Chrono Boost)  
  20  1:24  Nexus  
  20  1:35  Cybernetics Core  
  20  1:37  Probe  
  21  1:42  Assimilator  
  21  1:49  Probe  
  21  1:52  Pylon  
  22  2:01  Probe  
  23  2:08  Stalker (Chrono Boost)  
  23  2:13  Warp Gate, Probe  
  26  2:20  Robotics Facility  
  26  2:25  Probe  
  27  2:31  Stalker  
  29  2:37  Probe  
  29  2:43  Probe  
  32  2:52  Probe (Chrono Boost)  
  32  2:55  Probe (Chrono Boost)  
  33  3:03  Gateway  
  33  3:05  Probe (Chrono Boost)  
  35  3:06  Probe (Chrono Boost)  
  35  3:08  Observer  
  35  3:10  Probe (Chrono Boost)  
  37  3:15  Probe  
  37  3:16  Robotics Bay  
  38  3:22  Probe  
  39  3:28  Probe  
  39  3:30  Pylon  
  39  3:34  Probe  
  41  3:36  Warp Prism (Chrono Boost)  
  41  3:40  Probe  
  44  3:46  Probe  
  44  3:48  Pylon  
  45  3:52  Probe  
  45  3:54  Assimilator  
  46  3:58  Probe  
  46  4:02  Colossus (Chrono Boost)  
  47  4:04  Probe  
  47  4:08  Gravitic Drive  
  54  4:10  Pylon  
  54  4:12  Probe  
  54  4:16  Probe  
  56  4:26  Stalker x2  
  56  4:30  Pylon  
  60  4:41  Nexus  
  60  4:52  Stalker  
  62  4:53  Stalker  
  62  4:54  Probe x2  
  65  5:18  Probe x2  
  65  5:28  Colossus (Chrono Boost)  
  65  5:30  Probe  
  65  5:31  Probe  
  68  5:42  Probe  
  68  5:43  Probe  
  69  5:51  Gateway x2  
  69  5:53  Pylon  
  69  5:55  Pylon, Probe  
  70  5:57  Probe, Gateway, Forge  
  70  5:59  Forge  
  70  6:01  Assimilator  
  71  6:07  Shield Battery, Probe  
  71  6:09  Probe  
  71  6:10  Zealot  
  71  6:11  Zealot  
  77  6:16  Colossus (Chrono Boost)  
  77  6:21  Probe  
  84  6:27  Extended Thermal Lance  
  84  6:30  Probe x2  
  86  6:33  Probe  
  86  6:37  Assimilator  
  87  6:40  Twilight Council  
  87  6:41  Assimilator  
  87  6:42  Probe  
  87  6:43  Protoss Ground Armor Level 1 (Chrono Boost), Probe  
  89  6:51  Pylon  
  89  6:53  Probe  
  90  6:55  Probe  
  90  6:57  Protoss Ground Weapons Level 1 (Chrono Boost)  
  90  6:59  Shield Battery  
  90  7:00  Probe  
  92  7:05  Zealot, Probe  
  92  7:06  Zealot  
  92  7:07  Colossus (Chrono Boost)  
  103  7:18  Zealot x3  
  105  7:29  Zealot x2  
  89  7:42  Probe x2  
  89  7:43  Probe  
  92  7:50  Pylon, Zealot x4, Charge (Chrono Boost)  
  100  7:52  Pylon  
  100  7:56  Pylon  
  100  7:59  Pylon  
  100  8:00  Probe  
  101  8:08  Probe x2  
  101  8:12  Probe  
  104  8:15  Pylon  
  104  8:16  Pylon  
  104  8:18  Zealot x2  
  108  8:20  Probe  
  108  8:22  Immortal (Chrono Boost), Templar Archives  
  113  8:29  Zealot  
  113  8:34  Zealot x2  
  117  8:38  Psionic Storm, Zealot  
  117  8:39  Zealot  
  117  8:40  Protoss Ground Armor Level 2 (Chrono Boost)  
  123  8:47  Protoss Ground Weapons Level 2 (Chrono Boost)  
  123  8:59  Gateway  
  123  9:01  High Templar x2  
  123  9:02  High Templar x2  
  131  9:05  Gateway x2  
  131  9:22  Nexus  
  131  9:23  Pylon  
  131  9:24  Gateway  
  131  9:25  Pylon  
  131  9:36  High Templar x3  
  131  9:37  Zealot, High Templar  
  141  9:40  Archon x2  
  141  9:43  Pylon  
  141  9:45  Pylon  
  141  9:48  Immortal (Chrono Boost)  
  145  10:06  Gateway, High Templar x2  
  149  10:07  Zealot  
  149  10:08  Gateway, Zealot  
  149  10:10  Unknown  
  149  10:11  Archon  
  149  10:13  Pylon, Probe x2  
  149  10:14  Probe  
  156  10:15  Pylon  
  156  10:20  Immortal  
  160  10:25  Probe x2, High Templar x2  
  160  10:26  Probe, Zealot x2  
  160  10:28  Zealot  
  173  10:29  Archon  
  173  10:32  Pylon  
  173  10:33  Zealot  
  175  10:44  Dark Shrine  
  175  10:50  Zealot x6  
  139  11:13  Zealot x11  
  117  11:37  High Templar x4  
  117  11:38  High Templar x2  
  117  11:39  Zealot x5  
  127  11:45  Archon  
  125  11:47  Archon  
  125  11:48  Probe x3  
  125  11:52  Warp Prism (Chrono Boost)  
  130  12:02  Nexus  
  130  12:11  Zealot  
  130  12:12  Zealot x2  
  130  12:14  Zealot  
  138  12:21  Immortal  
  142  12:26  High Templar x2  
  142  12:29  High Templar x2  
  150  12:30  Zealot x3  
  150  12:32  Archon  
  150  12:33  Archon  
  156  12:41  Dark Templar x2  
  160  12:53  Stalker x4  
  168  13:01  Zealot x3  
  168  13:05  Zealot x2  
  173  13:16  Zealot  
  173  13:17  Zealot x5  
  155  13:31  Warp Prism (Chrono Boost)  
  151  13:45  Robotics Facility  
  151  13:47  Robotics Facility  
  151  13:49  Pylon  
Show
View Real Time Build Order
Export as new Build Order

HelloThere Terran 

Build Orders: Gas First Reaper Expand 

Get SALT Encoding   

  12  0:00  SCV  
  13  0:13  SCV  
  14  0:17  Supply Depot  
  14  0:25  SCV  
  15  0:30  Refinery  
  15  0:39  SCV  
  15  0:40  Barracks  
  16  0:47  Refinery  
  16  0:51  SCV  
  17  1:03  SCV  
  18  1:15  SCV  
  19  1:28  Orbital Command  
  19  1:30  Reaper  
  20  1:45  Command Center  
  20  1:53  SCV  
  21  2:00  Supply Depot  
  21  2:02  Marine  
  21  2:06  SCV  
  23  2:11  Factory  
  23  2:17  Refinery  
  23  2:22  SCV  
  24  2:24  Barracks Reactor  
  24  2:32  Bunker  
  24  2:34  SCV  
  25  2:46  SCV  
  26  2:57  Widow Mine  
  28  2:58  Starport  
  28  2:59  Orbital Command  
  28  3:02  SCV  
  28  3:04  Marine x2  
  31  3:16  SCV  
  32  3:23  Widow Mine, Marine x2  
  32  3:26  SCV  
  37  3:28  SCV  
  37  3:31  Supply Depot  
  38  3:39  SCV  
  38  3:40  Medivac  
  41  3:43  Barracks  
  41  3:44  Factory Tech Lab  
  41  3:47  SCV  
  42  3:50  Marine x2  
  42  3:55  SCV  
  45  3:58  Supply Depot  
  45  4:00  SCV  
  46  4:07  SCV  
  46  4:09  Marine  
  48  4:10  Marine  
  48  4:11  Factory Tech Lab  
  48  4:13  SCV  
  50  4:18  Barracks  
  50  4:19  SCV  
  50  4:20  Engineering Bay  
  50  4:22  Raven  
  53  4:25  SCV  
  53  4:29  Supply Depot  
  54  4:31  SCV  
  54  4:34  Marine x2  
  54  4:38  SCV  
  58  4:41  Stimpack  
  58  4:43  Marauder, SCV  
  61  4:47  Refinery  
  61  4:50  SCV  
  61  4:51  Terran Infantry Weapons Level 1  
  62  4:55  SCV  
  63  5:02  SCV  
  63  5:04  Marine x2  
  63  5:06  Factory Reactor  
  66  5:07  SCV  
  67  5:14  SCV  
  67  5:18  Marine  
  67  5:20  Starport Reactor, SCV  
  68  5:23  Combat Shield  
  68  5:25  Refinery, Marine x3  
  68  5:26  SCV  
  70  5:34  SCV  
  70  5:42  SCV  
  70  5:46  Marauder x2, Marine x2  
  70  5:47  SCV  
  77  5:55  Command Center  
  77  5:59  SCV  
  77  6:02  Medivac x2  
  82  6:04  SCV  
  83  6:12  SCV  
  83  6:17  Marauder  
  86  6:19  Barracks  
  86  6:21  Barracks, Marine x2  
  86  6:22  Marauder  
  90  6:28  SCV  
  91  6:33  SCV  
  92  6:43  Marauder  
  94  6:48  Terran Infantry Armor Level 1  
  94  6:50  Supply Depot  
  94  6:51  Supply Depot  
  94  6:53  Marauder, Medivac, SCV, Marine x2  
  101  7:00  SCV  
  102  7:07  Widow Mine x2, Marauder, Medivac  
  102  7:08  Barracks Tech Lab  
  110  7:10  Barracks Reactor  
  110  7:12  Orbital Command  
  110  7:24  Marauder, Marine x2  
  114  7:36  Orbital Command  
  111  7:38  Marauder  
  111  7:39  Marauder, Medivac x2, SCV  
  119  7:46  Marauder, SCV  
  119  7:50  Starport  
  119  7:51  Marine, Engineering Bay, Armory  
  123  8:00  Marauder  
  123  8:02  SCV x3  
  128  8:06  Supply Depot x2  
  128  8:11  Marine  
  128  8:12  Marine  
  130  8:14  SCV x3  
  130  8:15  Viking  
  135  8:23  Missile Turret  
  135  8:25  Missile Turret  
  135  8:36  Viking x2  
  135  8:37  Viking  
  135  8:38  Marauder, Refinery  
  143  8:42  Refinery  
  143  8:46  Terran Infantry Weapons Level 2  
  143  8:53  Terran Infantry Armor Level 2  
  143  8:54  Marine x4  
  147  9:00  Command Center  
  147  9:02  Viking  
  149  9:10  Supply Depot  
  149  9:11  Viking  
  149  9:12  Supply Depot, Viking  
  153  9:18  Viking  
  153  9:20  Marauder  
  157  9:31  Supply Depot, Marine  
  157  9:32  Marauder x2  
  157  9:33  Missile Turret  
  157  9:35  Viking  
  157  9:38  Terran Ship Weapons Level 1  
  164  9:40  Supply Depot  
  164  9:43  Ghost Academy  
  164  9:49  Marauder, Marine x2  
  167  9:54  SCV x2  
  167  9:58  Viking x2  
  167  9:59  Supply Depot, Viking  
  175  10:15  Marine x4  
  175  10:21  Barracks x2  
  179  10:22  Unknown  
  179  10:27  Sensor Tower, Barracks  
  179  10:31  Ghost x2  
  179  10:32  Ghost  
  179  10:34  Missile Turret x2  
  185  10:37  Enhanced Shockwaves  
  185  10:44  SCV  
  185  10:47  SCV x2  
  188  10:56  SCV  
  189  10:59  SCV  
  170  11:06  Marauder, Marine  
  170  11:10  Marauder, Marine  
  168  11:13  Marauder, Marine x2  
  168  11:15  Marine  
  140  11:18  Marine  
  114  11:27  Marine  
  114  11:28  Marauder, Marine  
  114  11:30  Marine x2  
  114  11:32  Marauder, Marine  
  115  11:33  Marine  
  115  11:34  Marauder  
  115  11:36  Marine  
  115  11:39  SCV  
  114  11:44  Marine  
  115  11:49  Barracks Tech Lab, Marauder, SCV  
  115  11:50  SCV  
  115  11:53  Barracks Tech Lab, Marauder  
  121  11:54  Barracks Tech Lab, Command Center  
  121  11:56  Marauder, Marine x2  
  121  11:57  Marine  
  126  12:02  Marine  
  126  12:07  SCV  
  128  12:10  Marauder, Missile Turret, SCV  
  128  12:12  Missile Turret  
  128  12:14  Marauder, Marine x2  
  135  12:16  Marauder  
  135  12:17  Marauder  
  135  12:19  Ghost  
  135  12:20  Ghost  
  143  12:30  Liberator x3  
  143  12:38  Marauder, Marine x2  
  143  12:42  SCV  
  143  12:43  Marauder x3, Marine x2  
  156  12:48  Marine  
  156  12:49  SCV  
  167  12:58  Ghost  
  167  12:59  Marine  
  167  13:00  Marauder, Marine  
  173  13:05  Marine  
  173  13:06  Marauder  
  173  13:09  Marauder, Marine  
  173  13:12  Marauder, Marine  
  180  13:13  SCV  
  171  13:21  Marauder, Marine  
  171  13:23  SCV  
  171  13:26  Marine  
  126  13:27  Marauder, Marine x2  
  126  13:28  Marine  
  126  13:30  Marauder, Marine  
  126  13:33  Marine  
Tags
 
Add a new tag
Caveats
  • Supply blocks, unpowered buildings, or Contaminate may cause inaccurate times.
  • Supply counts are checked every 10 seconds.